 Dungeon Crawl Stone Soup version 0.31-a0-233-g139696dc86 (webtiles) character file.

Game seed: 11303087189571999405

137 qw the Shooter (level 5, -7/42 HPs)
             Began as a Minotaur Hexslinger on July 7, 2023.
             Mangled by Natasha (8 damage)
             ... on level 2 of the Dungeon.
             The game lasted 00:00:40 (1629 turns).

qw the Shooter (Minotaur Hexslinger)                Turns: 1629, Time: 00:00:40

Health: -7/42      AC:  2    Str: 13    XL:     5   Next: 0%
Magic:  5/5        EV: 17    Int: 10    God:
Gold:   122        SH:  0    Dex: 14    Spells: 5/6 levels left

rFire   . . .        Y - +1 sling
rCold   . . .        (no shield)
rNeg    . . .        c - +0 robe
rPois   .            (helmet restricted)
rElec   .            (no cloak)
rCorr   .            (no gloves)
SInv    .            (no boots)
Will    .....        (no amulet)
Stlth   +            g - +5 ring of evasion
HPRegen 0.27/turn    (no ring)
MPRegen 0.09/turn

%: no passive effects
@: slowed, very slow
A: horns 2, retaliatory headbutt
a: no special abilities


You were on level 2 of the Dungeon.
You visited 1 branch of the dungeon, and saw 2 of its levels.

You collected 122 gold pieces.


Innate Abilities, Weirdness & Mutations

You have a pair of horns on your head.
You reflexively headbutt those who attack you in melee.


   Skills:
 + Level 2.6 Fighting
 - Level 5.3 Ranged Weapons
 - Level 2.1 Dodging
 - Level 1.0 Spellcasting
 - Level 2.0 Hexes


You had 5 spell levels left.
You knew the following spells:

 Your Spells              Type           Power      Damage    Failure   Level
a - Slow                  Hex            16%        N/A       16%         1

Your spell library contained the following spells:

 Spells                   Type           Power      Damage    Failure   Level
 Inner Flame              Hex/Fire       2%         N/A       56%         3
 Portal Projectile        Hex/Tloc       4%         N/A       56%         3
 Cause Fear               Hex            2%         N/A       83%         4

Inventory:

Hand Weapons
 Y - a +1 sling (weapon)
Armour
 b - a +0 ring mail
 c - a +0 robe (worn)
Jewellery
 e - a ring of ice
 g - a +5 ring of evasion (left hand)
Scrolls
 a - a scroll of brand weapon {unknown}
 j - a scroll of teleportation {unknown}
Potions
 d - a potion of might
 f - a potion of curing {unknown}
 h - a potion of degeneration {unknown}
 i - a potion of mutation {unknown}

Dungeon Overview and Level Annotations

Branches:
Dungeon (2/15)

Altars:

Annotations:
D:2 Natasha


Message History

You shoot a sling bullet.
The sling bullet closely misses Natasha.
The sling bullet closely misses the cerulean imp.
Natasha mumbles some strange words.
The cerulean imp barely misses you. The cerulean imp closely misses you.
Natasha barely misses you.
The cerulean imp hits you from afar with a +2 spear!
You shoot a sling bullet. The sling bullet barely misses Natasha.
The sling bullet closely misses the cerulean imp.
The cerulean imp closely misses you.
Natasha mumbles some strange words.
Natasha's front paws start to glow.
Natasha casts a spell at you. The magic dart hits you.
The cerulean imp hits you from afar with a +2 spear.
The cerulean imp barely misses you. Natasha claws you.
The cerulean imp hits you from afar with a +2 spear.
You shoot a sling bullet. The sling bullet barely misses Natasha.
The sling bullet completely misses the cerulean imp.
The cerulean imp barely misses you. Natasha completely misses you.
The cerulean imp completely misses you.
The cerulean imp hits you but does no damage.
Natasha misses you. The cerulean imp barely misses you.
You shoot a sling bullet. The sling bullet barely misses Natasha.
The sling bullet hits the cerulean imp.
The cerulean imp is lightly wounded.
The cerulean imp completely misses you. Natasha closely misses you.
You furiously retaliate!
You headbutt Natasha! The cerulean imp barely misses you.
The cerulean imp hits you from afar with a +2 spear.
The cerulean imp closely misses you.
You shoot a sling bullet.
The sling bullet closely misses Natasha.
The sling bullet closely misses the cerulean imp.
The cerulean imp hits you from afar with a +3 spear.
Natasha barely misses you. The cerulean imp barely misses you.
The cerulean imp hits you from afar with a +1 spear.
The cerulean imp hits you from afar with a +3 spear!
Natasha claws you!
You die...

#<# #%%...
#.######.###.
#..%.......#.
#################.
#...%...........#.
#.#############.#.
#.# #..... #.#
###... #@# .###...
#h# ........


555 #.###.#. ..... ..... #...... #......## #....... #........ #........
#........ #....$...# #........ #......## You could see Natasha and 3 cerulean
imps.

Vanquished Creatures
  Natasha (twice) (D:2)
  3 adders (D:2)
  11 bats
  4 endoplasms
  3 giant cockroaches
  7 goblins
  5 hobgoblins
  3 jackals (D:2)
  5 kobolds
  A quokka (D:1)
  7 ball pythons
  4 frilled lizards
  3 rats
58 creatures vanquished.

Notes
Turn   | Place    | Note
-------+----------+-------------------------------------------
     0 | D:1      | qw the Minotaur Hexslinger began the quest for the Orb.
     0 | D:1      | Reached XP level 1. HP: 16/16 MP: 1/1
     0 | D:1      | 0 ||| qw: Version: 0.3-a-46-gb1f654a
     0 | D:1      | 0 ||| qw: Game counter: 3079
     0 | D:1      | 0 ||| qw: Melee chars always use a shield: true
     0 | D:1      | 0 ||| qw: God list: Okawaru
     0 | D:1      | 0 ||| qw: Allow faded altars: false
     0 | D:1      | 0 ||| qw: Do Orc after clearing Dungeon:15 true
     0 | D:1      | 0 ||| qw: Do second Lair branch before Depths: true
     0 | D:1      | 0 ||| qw: Lair rune preference: random
     0 | D:1      | 0 ||| qw: Goals: Normal
     0 | D:1      | 0 ||| PLANNING D:1-11
   126 | D:1      | Reached skill level 3 in Ranged Weapons
   132 | D:1      | Reached XP level 2. HP: 23/23 MP: 2/2
   188 | D:1      | 188 ||| Stepping ~*~*~tactically~*~*~ (outnumbered).
   569 | D:1      | Reached XP level 3. HP: 25/29 MP: 3/3
   834 | D:1      | 834 ||| UPGRADING to +5 ring of evasion.
   835 | D:1      | 835 ||| READING scroll labelled EHEHEP OFAYW.
   836 | D:1      | 836 ||| READING scroll labelled HESHEI FIPODD.
   837 | D:1      | 837 ||| DRINKING 2 fuming cyan potions.
   838 | D:1      | 838 ||| DROPPING scroll of poison.
   971 | D:2      | Reached skill level 4 in Ranged Weapons
  1077 | D:2      | Noticed Natasha
  1081 | D:2      | 1081 ||| Stepping ~*~*~tactically~*~*~ (outnumbered).
  1093 | D:2      | Killed Natasha
  1094 | D:2      | Reached XP level 4. HP: 14/36 MP: 4/4
  1354 | D:2      | Noticed Natasha
  1358 | D:2      | 1358 ||| FLEEEEING.
  1359 | D:2      | 1359 ||| FLEEEEING.
  1369 | D:2      | Killed Natasha
  1370 | D:2      | Reached skill level 5 in Ranged Weapons
  1605 | D:2      | Reached XP level 5. HP: 42/42 MP: 5/5
  1619 | D:2      | Noticed Natasha
  1629 | D:2      | HP: 10/42 [cerulean imp/+3 spear[Natasha] (5)]
  1629 | D:2      | HP: 1/42 [cerulean imp/+3 spear[Natasha] (7)]
  1629 | D:2      | Mangled by Natasha

Levels and vault maps discovered:
D:1:      dpeg_arrival_rhombus, layout_loops_ring, minmay_liquid_box,
          serial_park_tiny_2, hangedman_abyss_or_decor_stabs, minmay_hexomino_c4
D:2:      wad_river_or_something, layout_basic, serial_shops, shop, uniq_natasha

Skill      XL: |  1  2  3  4 |
---------------+-------------+-----
Ranged Weapons | 3 4 5 |  5.3
Fighting       | 2 |  2.6
Dodging        | |  2.1
Spellcasting   | |  1.0
Hexes          | |  2.0

Action                     |  1- 3 |  4- 6 || total
---------------------------+-------+-------++-------
   Fire: Sling             |   105 |    62 ||   167
    Use: Scroll            |     2 |       ||     2
         Potion            |     1 |       ||     1
 Armour: Robe              |    10 |     4 ||    14
  Dodge: Dodged            |    37 |    39 ||    76

Table legend:
 A = Non-vault XP
 B = Vault XP
 C = Vault XP percentage of total XP
 D = Non-vault monster count
 E = Vault monster count
 F = Vault count percentage of total count
                 A         B        C        D         E       F
            +---------+---------+-------+---------+---------+-------
      Total |     130 |      66 |  33.7 |      46 |      12 |  20.7
            +---------+---------+-------+---------+---------+-------
        D:1 |      40 |       8 |  16.7 |      25 |       5 |  16.7
        D:2 |      90 |      58 |  39.2 |      21 |       7 |  25.0
            +---------+---------+-------+---------+---------+-------
